[Event "Titled Tuesday Blitz August 15 Late 2023"]
[White "Okike, David"]
[Black "Musovic, Armin"]
[WhiteFideId "8500134"]
[BlackFideId "939935"]
[WhiteElo "2314"]
[BlackElo "2550"]
[Result "1-0"]
[Round "3"]
[TimeControl "180+1"]
[Date "2023.08.15"]
[WhiteClock "0:01:13"]
[BlackClock "0:00:22"]
[Board "145"]

1. e4 c6 2. d4 d5 3. e5 c5 4. dxc5 e6 5. a3 Nc6 6. Nf3 Bxc5 7. b4 Be7 8. Bb2 g5 9. h3 a5 10. b5 Na7 11. Bd3 h6 12. a4 Bd7 13. O-O Nc8 14. Nbd2 Nb6 15. c4 dxc4 16. Nxc4 Nxc4 17. Bxc4 Rc8 18. Qe2 g4 19. hxg4 h5 20. gxh5 Rxh5 21. Rfd1 Bc5 22. Rac1 Qe7 23. g3 Nh6 24. Kg2 Ng4 25. Rh1 Rxh1 26. Rxh1 Kd8 27. Nd4 Qg5 28. f4 Qg7 29. Rh4 Nh6 30. Bd3 Kc7 31. Nb3 Rg8 32. Rh3 Bb6 33. Qd2 Ng4 34. Bd4 Bxd4 35. Nxd4 b6 36. Be4 Rc8 37. Nc6 Qf8 38. Rh4 f5 39. Rh7 Qe8 40. Bf3 Rd8 41. Nxd8 Kxd8 42. Qd6 Kc8 43. Qxb6 Ne3+ 44. Qxe3 Qg8 45. Rh6 Qf8 46. Rh7 Qg8 47. Qc5+ Kd8 48. Qb6+ Ke8 49. Qb8+ 1-0


[Site "https://www.chess.com"]

[Event "Titled Tuesday Blitz August 15 Late 2023"]
[White "GAO"]
[Black "Yedidia, Daniel"]
[BlackFideId "30905907"]
[WhiteElo "2311"]
[BlackElo "2504"]
[Result "0-1"]
[Round "3"]
[TimeControl "180+1"]
[Date "2023.08.15"]
[WhiteClock "0:01:46"]
[BlackClock "0:01:57"]
[Board "146"]

1. e4 e5 2. Nf3 Nc6 3. Bc4 Nf6 4. d3 Be7 5. O-O O-O 6. a4 d6 7. a5 a6 8. Nc3 Be6 9. h3 Qd7 10. Re1 Rad8 11. Bg5 h6 12. Bxf6 Bxf6 13. Nd5 Bg5 14. Nxg5 hxg5 15. Qd2 f6 16. Qc3 Bf7 17. Ne3 Nd4 18. Qd2 c6 19. c3 Ne6 20. b4 Nf4 21. Nf5 d5 22. Bb3 dxe4 23. Bxf7+ Rxf7 24. Rxe4 Qxf5 0-1


[Site "https://www.chess.com"]

[Event "Titled Tuesday Blitz August 15 Late 2023"]
[White "Hirneise, Jens"]
[Black "Manon-og, Ramon Jr."]
[WhiteFideId "24614734"]
[BlackFideId "5200776"]
[WhiteElo "2492"]
[BlackElo "2307"]
[Result "1/2-1/2"]
[Round "3"]
[TimeControl "180+1"]
[Date "2023.08.15"]
[WhiteClock "0:00:03"]
[BlackClock "0:00:39"]
[Board "147"]

1. d4 Nf6 2. c4 g6 3. Bf4 d5 4. Nc3 Bg7 5. e3 c5 6. Be5 cxd4 7. exd4 O-O 8. c5 Nc6 9. Nf3 Bg4 10. Be2 Nxe5 11. Nxe5 Bf5 12. O-O Rc8 13. Re1 Ne4 14. Nf3 Nxc3 15. bxc3 b6 16. Qa4 bxc5 17. Qxa7 c4 18. Bf1 Bf6 19. Ne5 Rb8 20. Nc6 Qb6 21. Qxb6 Rxb6 22. Nxe7+ Bxe7 23. Rxe7 Ra8 24. Re5 Be6 25. Re2 Ra3 26. Rc2 Bf5 27. Rcc1 Rb2 28. g3 Be4 29. Bg2 f5 30. Bf1 Kf7 31. h4 h6 32. Bg2 Kf6 33. Bf1 g5 34. hxg5+ hxg5 35. Bg2 Ke6 36. f3 Bc2 37. Re1+ Kd6 38. Re5 Bd3 39. f4 g4 40. Rxd5+ Ke6 41. Re1+ Be4 42. Bxe4 fxe4 43. Re5+ Kf6 44. R1xe4 Raxa2 45. Re6+ Kf7 46. Re7+ Kf8 47. Re8+ Kf7 48. R8e7+ Kf8 49. Re8+ Kf7 50. d5 Rg2+ 51. Kf1 Rh2 52. R8e7+ Kf8 53. Re8+ Kf7 54. Kg1 Rag2+ 55. Kf1 Ra2 1/2-1/2


[Site "https://www.chess.com"]

[Event "Titled Tuesday Blitz August 15 Late 2023"]
[White "Michalczak, Thomas"]
[Black "Shapiro, Daniel"]
[WhiteFideId "4622634"]
[BlackFideId "2001780"]
[WhiteElo "2474"]
[BlackElo "2299"]
[Result "1-0"]
[Round "3"]
[TimeControl "180+1"]
[Date "2023.08.15"]
[WhiteClock "0:01:10"]
[BlackClock "0:00:00"]
[Board "148"]

1. e4 e5 2. Nf3 Nc6 3. Bb5 a6 4. Ba4 Nf6 5. O-O Be7 6. Re1 b5 7. Bb3 d6 8. c3 O-O 9. h3 Na5 10. Bc2 c5 11. d4 Nd7 12. d5 Nb6 13. b3 f5 14. exf5 Bb7 15. Be4 Qe8 16. g4 Qf7 17. Bg5 Bf6 18. Bxf6 gxf6 19. Qd2 Bxd5 20. c4 Bxe4 21. Rxe4 d5 22. cxd5 Qxd5 23. Nc3 Qxd2 24. Nxd2 Rad8 25. Nf1 Rd3 26. Re3 Rfd8 27. Rc1 c4 28. Ne4 Kf7 29. Nc5 R8d5 30. Nxd3 cxd3 31. Rc7+ Ke8 32. Nd2 Rd6 33. Rc3 1-0


[Site "https://www.chess.com"]

[Event "Titled Tuesday Blitz August 15 Late 2023"]
[White "Gertler, David"]
[Black "Bazilius, Augustinas"]
[WhiteFideId "2017377"]
[BlackFideId "12832251"]
[WhiteElo "2299"]
[BlackElo "2471"]
[Result "1-0"]
[Round "3"]
[TimeControl "180+1"]
[Date "2023.08.15"]
[WhiteClock "0:00:21"]
[BlackClock "0:00:32"]
[Board "149"]

1. e4 c5 2. c3 Nf6 3. e5 Nd5 4. d4 cxd4 5. Bc4 Nb6 6. Bb3 Nc6 7. cxd4 d6 8. e6 fxe6 9. Nf3 g6 10. h4 Bg7 11. h5 Bf6 12. hxg6 hxg6 13. Rxh8+ Bxh8 14. Qd3 Kd7 15. Nc3 Qg8 16. Be3 Nd5 17. O-O-O Nxc3 18. bxc3 b6 19. Ba4 Bb7 20. c4 Kc7 21. Kb1 Rc8 22. Rc1 Kb8 23. Qb3 Na5 24. Qb4 Be4+ 25. Kb2 e5 26. d5 Bxf3 27. gxf3 e4+ 28. Ka3 Qg7 29. Bxb6 axb6 30. Qxb6+ Nb7 31. Bc6 Rc7 32. Rb1 Qc3+ 33. Rb3 Bd4 34. Qb5 Qc1+ 35. Ka4 Bxf2 36. Bxb7 Rxb7 37. Qxb7# 1-0


[Site "https://www.chess.com"]

[Event "Titled Tuesday Blitz August 15 Late 2023"]
[White "Molenda, Marcin"]
[Black "Garmendiarov"]
[WhiteFideId "1173065"]
[WhiteElo "2468"]
[BlackElo "2296"]
[Result "0-1"]
[Round "3"]
[TimeControl "180+1"]
[Date "2023.08.15"]
[WhiteClock "0:01:13"]
[BlackClock "0:00:01"]
[Board "150"]

1. e4 c5 2. Nc3 d6 3. f4 g6 4. Nf3 Bg7 5. a4 Nc6 6. Bb5 Bd7 7. d3 e6 8. O-O Nge7 9. f5 gxf5 10. exf5 Nxf5 11. Ne4 d5 12. Nxc5 Qb6 13. d4 Bxd4+ 14. Nxd4 Qxc5 15. c3 Ncxd4 16. b4 Qb6 17. Bxd7+ Kxd7 18. a5 Qd6 19. cxd4 Rhg8 20. Qa4+ Qc6 21. b5 Qc4 22. Qa3 Qxd4+ 23. Kh1 Rxg2 24. Bf4 Rag8 25. b6 Qe4 26. Rf3 Rf2 27. Rf1 Rxf1# 0-1


[Site "https://www.chess.com"]

[Event "Titled Tuesday Blitz August 15 Late 2023"]
[White "Daianu, Cristian-Clement"]
[Black "Mortazavi, Ali"]
[WhiteFideId "1208926"]
[BlackFideId "401323"]
[WhiteElo "2293"]
[BlackElo "2462"]
[Result "1-0"]
[Round "3"]
[TimeControl "180+1"]
[Date "2023.08.15"]
[WhiteClock "0:01:16"]
[BlackClock "0:00:10"]
[Board "151"]

1. e4 c6 2. d4 d5 3. e5 Bf5 4. Nf3 e6 5. Be2 Ne7 6. Be3 Ng6 7. O-O Nd7 8. Nbd2 f6 9. c4 fxe5 10. dxe5 Ngxe5 11. Nd4 Qf6 12. cxd5 exd5 13. Re1 Bd6 14. Nxf5 Qxf5 15. Nf3 O-O 16. Qb3 Nc5 17. Bxc5 Bxc5 18. Qxb7 Rab8 19. Qc7 Ng4 20. Rf1 Rxb2 21. Qxc6 Bxf2+ 22. Rxf2 Nxf2 23. Kxf2 Re8 24. Re1 Qe4 25. Qa6 h6 26. Kf1 Qe3 27. Qd3 Qxd3 28. Bxd3 Rxe1+ 29. Nxe1 Rxa2 30. Nc2 Kf7 31. Ke2 Kf6 32. Kd2 Ke5 33. Kc3 Ra4 34. h3 Rf4 35. Ne1 Rf2 36. g4 d4+ 37. Kc4 g5 38. Bf5 Rh2 39. Nf3+ Kf4 40. Nxh2 Kg3 41. Nf1+ Kxh3 42. Kxd4 Kh4 43. Ne3 h5 44. Ng2+ Kg3 45. gxh5 1-0


[Site "https://www.chess.com"]

[Event "Titled Tuesday Blitz August 15 Late 2023"]
[White "Bobkov, Vadim"]
[Black "Pein, Malcolm"]
[WhiteFideId "34110876"]
[BlackFideId "400289"]
[WhiteElo "2448"]
[BlackElo "2278"]
[Result "0-1"]
[Round "3"]
[TimeControl "180+1"]
[Date "2023.08.15"]
[WhiteClock "0:01:26"]
[BlackClock "0:02:14"]
[Board "153"]

1. d4 Nf6 2. c4 d6 3. Nf3 Nbd7 4. Nc3 e5 5. Bg5 Be7 6. e3 O-O 7. Be2 h6 8. Bh4 Re8 9. O-O c6 10. h3 Qc7 11. Bg3 Bf8 12. Nd2 exd4 13. exd4 Qb6 14. Nb3 a5 15. Na4 Qb4 16. Nc3 a4 17. Nd2 Qxb2 0-1


[Site "https://www.chess.com"]

[Event "Titled Tuesday Blitz August 15 Late 2023"]
[White "Coelho, Ramyres Santana"]
[Black "Bueno, Alfeu Junior Varela"]
[WhiteFideId "2120690"]
[BlackFideId "2108879"]
[WhiteElo "2275"]
[BlackElo "2447"]
[Result "1/2-1/2"]
[Round "3"]
[TimeControl "180+1"]
[Date "2023.08.15"]
[WhiteClock "0:01:00"]
[BlackClock "0:00:38"]
[Board "154"]

1. e4 e6 2. d4 d5 3. Nc3 Nf6 4. e5 Nfd7 5. f4 c5 6. Nf3 Nc6 7. Be3 cxd4 8. Nxd4 Bc5 9. Nxc6 bxc6 10. Bxc5 Nxc5 11. Qd4 Qb6 12. b4 Nd7 13. Qxb6 axb6 14. a4 O-O 15. Bd3 Ba6 16. Bxa6 Rxa6 17. Kd2 Rfa8 18. Rhb1 f6 19. exf6 Nxf6 20. b5 cxb5 21. Rxb5 Kf7 22. Rb4 Nd7 23. Nb5 Ra5 24. Nd6+ Ke7 25. Nb5 Nc5 26. Nc3 R8a6 27. f5 Kd6 28. fxe6 Nxe6 29. Nb5+ Kc5 30. Ra3 Kxb4 31. Rb3+ Kc5 32. Rc3+ Kb4 33. Rb3+ Kc4 34. Rc3+ 1/2-1/2


[Site "https://www.chess.com"]

[Event "Titled Tuesday Blitz August 15 Late 2023"]
[White "Kubatko, Ivan"]
[Black "Rodriguez Santiago, Jaime"]
[WhiteFideId "24111473"]
[BlackFideId "3100898"]
[WhiteElo "2436"]
[BlackElo "2273"]
[Result "1-0"]
[Round "3"]
[TimeControl "180+1"]
[Date "2023.08.15"]
[WhiteClock "0:00:50"]
[BlackClock "0:00:06"]
[Board "155"]

1. e4 c6 2. d4 d5 3. exd5 cxd5 4. c4 Nf6 5. Nc3 e6 6. Nf3 Be7 7. cxd5 Nxd5 8. Bd3 Nc6 9. O-O h6 10. Re1 O-O 11. a3 b6 12. Qe2 Bb7 13. Qe4 Nf6 14. Qh4 Nd5 15. Qh3 Qd7 16. Bxh6 gxh6 17. Qxh6 f5 18. Nxd5 Qxd5 19. Rxe6 1-0


[Site "https://www.chess.com"]

[Event "Titled Tuesday Blitz August 15 Late 2023"]
[White "Garrido, Denis"]
[Black "Pesotskiy, Mikhail"]
[WhiteFideId "601217"]
[BlackFideId "34164453"]
[WhiteElo "2253"]
[BlackElo "2434"]
[Result "1/2-1/2"]
[Round "3"]
[TimeControl "180+1"]
[Date "2023.08.15"]
[WhiteClock "0:00:42"]
[BlackClock "0:00:15"]
[Board "156"]

1. e4 e6 2. d4 d5 3. exd5 exd5 4. Nf3 Bd6 5. c4 Nf6 6. c5 Be7 7. Bd3 O-O 8. O-O b6 9. Be3 Re8 10. h3 Nbd7 11. Qc2 Nf8 12. Ne5 Bd7 13. f4 Ng6 14. f5 Nxe5 15. dxe5 Ne4 16. Bxe4 dxe4 17. cxb6 axb6 18. Qxe4 Bf6 19. Bf4 Ra5 20. Nc3 Bxe5 21. Rad1 Bxc3 22. Qd3 Bxb2 23. Qxd7 Qxd7 24. Rxd7 Rxf5 25. Bxc7 Rxf1+ 26. Kxf1 h6 27. Bxb6 Ra8 28. Rd8+ Rxd8 29. Bxd8 Kf8 30. Ke2 Ke8 31. Bb6 Kd7 32. Kd3 g6 33. a4 Kc6 34. a5 Ba3 35. Ke4 Bd6 36. Bd8 f5+ 37. Kd4 g5 38. a6 Bb8 39. Be7 Kb6 40. Bf8 h5 41. a7 Kxa7 42. Kd5 g4 43. Ke6 f4 44. Kf5 f3 45. gxf3 gxh3 46. Bc5+ Ka6 47. Bg1 h2 48. Bxh2 Bxh2 49. Kg5 Be5 50. Kxh5 Kb6 51. f4 Bxf4 1/2-1/2


[Site "https://www.chess.com"]

[Event "Titled Tuesday Blitz August 15 Late 2023"]
[White "KrokerGuy"]
[Black "Martinez, Ayelen"]
[BlackFideId "118702"]
[WhiteElo "2429"]
[BlackElo "2250"]
[Result "1-0"]
[Round "3"]
[TimeControl "180+1"]
[Date "2023.08.15"]
[WhiteClock "0:00:27"]
[BlackClock "0:00:05"]
[Board "157"]

1. e4 c5 2. Nf3 d6 3. d4 cxd4 4. Nxd4 Nf6 5. Nc3 a6 6. Bg5 Nbd7 7. Qe2 Qc7 8. O-O-O h6 9. Bh4 b5 10. f4 Bb7 11. a3 Rc8 12. Kb1 e6 13. g4 Be7 14. Rg1 g5 15. fxg5 hxg5 16. Bxg5 Nxe4 17. Nxe4 Bxe4 18. Bxe7 d5 19. Bb4 Rxh2 20. Bg2 e5 21. Rh1 exd4 22. Bxe4 Rxe2 23. Rh8+ Nf8 24. Rxf8+ Kd7 25. Rxf7+ Kc6 26. Rxc7+ Rxc7 27. Bf5 Rf2 28. Rxd4 Re7 29. Bxe7 a5 30. Bd3 b4 31. axb4 axb4 32. Bxb4 1-0


[Site "https://www.chess.com"]

[Event "Titled Tuesday Blitz August 15 Late 2023"]
[White "Cooper, Aaron"]
[Black "Cooklev, Steven"]
[WhiteFideId "2634945"]
[BlackFideId "2050552"]
[WhiteElo "2245"]
[BlackElo "2419"]
[Result "0-1"]
[Round "3"]
[TimeControl "180+1"]
[Date "2023.08.15"]
[WhiteClock "0:00:26"]
[BlackClock "0:00:17"]
[Board "158"]

1. e4 c5 2. Nf3 Nc6 3. Bb5 Nf6 4. Nc3 Qc7 5. O-O Nd4 6. Bc4 e6 7. e5 Nxf3+ 8. Qxf3 Qxe5 9. d3 a6 10. Bf4 Qh5 11. Qg3 d5 12. Bb3 Qg4 13. Rae1 Qxg3 14. Bxg3 Be7 15. f4 b5 16. a4 c4 17. Ba2 O-O 18. f5 Bc5+ 19. Kh1 b4 20. Ne2 exf5 21. dxc4 Be6 22. Nf4 Ne4 23. Nxe6 fxe6 24. cxd5 Nxg3+ 25. hxg3 Rae8 26. dxe6 Rf6 27. Re5 Rh6# 0-1


[Site "https://www.chess.com"]

[Event "Titled Tuesday Blitz August 15 Late 2023"]
[White "Rangel, Daniel"]
[Black "Fernandez Hernandez, Gerardo"]
[WhiteFideId "2124475"]
[BlackFideId "2207400"]
[WhiteElo "2419"]
[BlackElo "2243"]
[Result "1-0"]
[Round "3"]
[TimeControl "180+1"]
[Date "2023.08.15"]
[WhiteClock "0:01:48"]
[BlackClock "0:00:00"]
[Board "159"]

1. d4 Nf6 2. c4 c5 3. Nc3 cxd4 4. Qxd4 Nc6 5. Qd2 g6 6. b3 Bg7 7. Bb2 O-O 8. g3 d6 9. Bg2 Qa5 10. Nh3 Rd8 11. Nf4 e5 12. Nfd5 Nxd5 13. Nxd5 Qxd2+ 14. Kxd2 Be6 15. e3 Rd7 16. h4 h5 17. Rad1 Ne7 18. Nc3 d5 19. cxd5 Nxd5 20. Ke2 Nxc3+ 21. Bxc3 Rad8 22. Bxb7 e4 23. Bxg7 Bg4+ 24. f3 Bxf3+ 25. Kf2 Bxd1 26. Bf6 Bf3 27. Rc1 Rd2+ 28. Ke1 Rd1+ 29. Rxd1 Rxd1+ 30. Kf2 Rd2+ 31. Kf1 Rxa2 32. Bd5 Re2 33. Bd4 Rg2 34. Bxa7 Rxg3 35. b4 Rg2 36. Bd4 Rc2 37. Ke1 Rc1+ 38. Kd2 Rb1 39. Kc3 1-0


[Site "https://www.chess.com"]

[Event "Titled Tuesday Blitz August 15 Late 2023"]
[White "FuenfgegenWilly"]
[Black "tomobeast"]
[WhiteElo "2411"]
[BlackElo "2237"]
[Result "1-0"]
[Round "3"]
[TimeControl "180+1"]
[Date "2023.08.15"]
[WhiteClock "0:01:42"]
[BlackClock "0:00:59"]
[Board "160"]

1. e4 e5 2. Nc3 Nf6 3. f4 d5 4. fxe5 Nxe4 5. Nf3 Nc6 6. d3 Nxc3 7. bxc3 d4 8. Be2 Bc5 9. c4 Qe7 10. O-O Nxe5 11. Nxe5 Qxe5 12. Bf4 Qe7 13. Bf3 O-O 14. Rb1 c6 15. Be4 Bd6 16. Bxd6 Qxd6 17. Qh5 g6 18. Qh6 Rb8 19. Rf4 Qc7 20. Rf6 Re8 21. Rbf1 Re6 22. Rxf7 Qxf7 23. Rxf7 Kxf7 24. Qf4+ Rf6 25. Qxb8 Bg4 26. Qxb7+ Kg8 27. h3 Be2 28. Bxc6 Rf1+ 29. Kh2 Rc1 30. Bd5+ 1-0


[Site "https://www.chess.com"]

[Event "Titled Tuesday Blitz August 15 Late 2023"]
[White "Arnold, Ken"]
[Black "Vaglio Munoz, Jaime"]
[WhiteFideId "2056836"]
[BlackFideId "6500145"]
[WhiteElo "2407"]
[BlackElo "2236"]
[Result "0-1"]
[Round "3"]
[TimeControl "180+1"]
[Date "2023.08.15"]
[WhiteClock "0:00:26"]
[BlackClock "0:01:30"]
[Board "161"]

1. d4 c5 2. d5 d6 3. g3 b5 4. Bg2 g6 5. Nf3 Bg7 6. O-O Nf6 7. a4 b4 8. Nfd2 O-O 9. e4 Bb7 10. Nc4 Nbd7 11. Bg5 Ba6 12. Nbd2 Ne5 13. Nxe5 dxe5 14. Re1 Nd7 15. b3 h6 16. Be3 Rc8 17. Bf1 Bb7 18. a5 f5 19. exf5 gxf5 20. f4 e4 21. Nc4 Nf6 22. d6 Ng4 23. a6 Nxe3 24. Nxe3 Bc6 25. dxe7 Qxe7 26. Bc4+ Kh8 27. Qh5 Bxa1 28. Rxa1 Qg7 29. Rd1 Be8 30. Qh3 Bg6 31. Qh4 Kh7 32. Rd6 Rc7 33. Be6 Qe7 34. Qxe7+ Rxe7 35. g4 fxg4 36. f5 Bf7 37. Nxg4 Bxe6 38. fxe6 Rg8 39. h3 h5 40. Kf2 hxg4 41. hxg4 Kg6 0-1


[Site "https://www.chess.com"]

[Event "Titled Tuesday Blitz August 15 Late 2023"]
[White "Kohler, Aran"]
[Black "Real_taiatai"]
[WhiteFideId "1002856"]
[WhiteElo "2228"]
[BlackElo "2403"]
[Result "0-1"]
[Round "3"]
[TimeControl "180+1"]
[Date "2023.08.15"]
[WhiteClock "0:01:18"]
[BlackClock "0:01:50"]
[Board "162"]

1. d4 Nf6 2. c3 g6 3. Bg5 Bg7 4. Nd2 c5 5. e3 O-O 6. Ngf3 d6 7. Bd3 Nc6 8. h4 h6 9. h5 hxg5 10. hxg6 g4 11. Ng5 fxg6 12. Bxg6 e5 13. dxc5 d5 14. Qc2 e4 15. O-O-O Ne5 16. Bh7+ Nxh7 17. Nxh7 Rxf2 18. Qb3 Nd3+ 19. Kb1 Bf5 20. Qxb7 Rb8 21. Qc6 Rxb2+ 22. Ka1 Bxc3 23. Nf6+ Bxf6 0-1


[Site "https://www.chess.com"]

[Event "Titled Tuesday Blitz August 15 Late 2023"]
[White "Alexikov, Alexander"]
[Black "Andrews, Todd"]
[WhiteFideId "14103958"]
[BlackFideId "2012456"]
[WhiteElo "2221"]
[BlackElo "2394"]
[Result "0-1"]
[Round "3"]
[TimeControl "180+1"]
[Date "2023.08.15"]
[WhiteClock "0:00:00"]
[BlackClock "0:00:44"]
[Board "163"]

1. e4 c5 2. Nf3 d6 3. d4 cxd4 4. Nxd4 Nf6 5. Nc3 a6 6. Be2 e5 7. Nb3 Be7 8. Be3 O-O 9. g4 Be6 10. g5 Nfd7 11. h4 f5 12. exf5 Bxf5 13. Qd5+ Kh8 14. Qxb7 Nc6 15. Qxc6 Bxc2 16. Rc1 Bf5 17. Nd2 a5 18. Nd5 a4 19. Bb5 Be6 20. Nc7 Rc8 21. Nxe6 Rxc6 22. Bxc6 Qa5 23. Bxd7 Rb8 24. Rc2 d5 25. Bc5 Bxc5 26. Nxc5 a3 27. b3 g6 28. Rh3 e4 29. Be6 Qb4 30. Bxd5 Qd4 31. Bxe4 Re8 32. Re3 Rc8 33. Rec3 Rf8 34. Bf3 Qxh4 35. Nde4 Qh2 36. Ke2 Qg1 37. Rd3 Re8 38. Rcd2 Qxg5 39. Rd5 Qg1 40. Rd8 Rxd8 41. Rxd8+ Kg7 42. Rd7+ Kh6 43. Nd3 Qb1 44. Nd2 Qxa2 45. Bd5 Qc2 46. f4 a2 47. Bg8 Kh5 48. Rxh7+ Kg4 49. Rh1 Kf5 50. b4 Qc3 0-1


[Site "https://www.chess.com"]

[Event "Titled Tuesday Blitz August 15 Late 2023"]
[White "Osmonbekov, Talaibek"]
[Black "Melikhov, Evgeny V."]
[WhiteFideId "2017253"]
[BlackFideId "4122046"]
[WhiteElo "2199"]
[BlackElo "2393"]
[Result "0-1"]
[Round "3"]
[TimeControl "180+1"]
[Date "2023.08.15"]
[WhiteClock "0:00:00"]
[BlackClock "0:00:42"]
[Board "164"]

1. d4 Nf6 2. Nc3 d5 3. Bf4 c5 4. e3 cxd4 5. exd4 a6 6. Nf3 Nc6 7. Ne5 e6 8. Nxc6 bxc6 9. Bd3 c5 10. dxc5 Bxc5 11. O-O O-O 12. Re1 Re8 13. Qf3 Bb7 14. Be5 Bd6 15. Rad1 Rc8 16. Qh3 Bxe5 17. Rxe5 g6 18. Ne2 Ne4 19. Bxe4 Qf6 20. Qg3 dxe4 21. c3 Rcd8 22. Nd4 Rd5 23. Rxd5 exd5 24. Qc7 Qe7 25. Qb6 Qd7 26. Re1 Kg7 27. h3 h5 28. a3 h4 29. Nc2 Re6 30. Qd4+ Kg8 31. Qe3 Qe7 32. Nd4 Rd6 33. Qh6 Qf6 34. Re3 Bc8 0-1


[Site "https://www.chess.com"]

[Event "Titled Tuesday Blitz August 15 Late 2023"]
[White "sebastianmarinp"]
[Black "KSho99"]
[WhiteElo "2393"]
[BlackElo "2218"]
[Result "1-0"]
[Round "3"]
[TimeControl "180+1"]
[Date "2023.08.15"]
[WhiteClock "0:00:58"]
[BlackClock "0:00:05"]
[Board "165"]

1. e4 e6 2. d4 d5 3. Nc3 Be7 4. Nf3 Nf6 5. e5 Nfd7 6. Ne2 c5 7. c3 Nc6 8. Be3 O-O 9. Ng3 cxd4 10. cxd4 f6 11. exf6 Nxf6 12. Bd3 Qa5+ 13. Bd2 Qb6 14. Bc3 Nb4 15. Bb1 Qa6 16. a3 Kh8 17. Qd2 Nc6 18. Bd3 Qb6 19. O-O Bd7 20. b4 Bd6 21. b5 Ne7 22. Ba5 Bf4 23. Qe1 Qd6 24. Bb4 Bxg3 25. hxg3 1-0


[Site "https://www.chess.com"]

[Event "Titled Tuesday Blitz August 15 Late 2023"]
[White "Petersson, Kjell"]
[Black "Mikhalsky, Vladimir"]
[WhiteFideId "1705148"]
[BlackFideId "14144352"]
[WhiteElo "2177"]
[BlackElo "2390"]
[Result "1-0"]
[Round "3"]
[TimeControl "180+1"]
[Date "2023.08.15"]
[WhiteClock "0:01:06"]
[BlackClock "0:00:00"]
[Board "166"]

1. d4 g6 2. e4 Bg7 3. Bf4 d6 4. Nf3 a6 5. Qd2 b5 6. Nc3 Bb7 7. Bd3 Nc6 8. Ne2 Nf6 9. O-O-O b4 10. Bh6 Bxh6 11. Qxh6 Qd7 12. e5 Ng4 13. Qh4 h5 14. h3 Nh6 15. exd6 cxd6 16. Kb1 a5 17. Nf4 Ba6 18. Be4 Rc8 19. Rhe1 O-O 20. Nxg6 fxg6 21. Bxg6 Bc4 22. Qxh5 Kg7 23. Be4 Nf5 24. g4 Bf7 25. Qg5+ Kh8 26. gxf5 Be8 27. Rg1 1-0


[Site "https://www.chess.com"]

[Event "Titled Tuesday Blitz August 15 Late 2023"]
[White "chessmateto"]
[Black "Cueto, Jonny"]
[BlackFideId "3300145"]
[WhiteElo "2389"]
[BlackElo "2171"]
[Result "1-0"]
[Round "3"]
[TimeControl "180+1"]
[Date "2023.08.15"]
[WhiteClock "0:02:18"]
[BlackClock "0:01:46"]
[Board "167"]

1. c4 e6 2. Nc3 Nf6 3. d4 Bb4 4. Qc2 d5 5. Bg5 h6 6. Bxf6 Qxf6 7. e3 O-O 8. Nf3 b6 9. a3 Bd6 10. b4 dxc4 11. Bxc4 e5 12. Ne4 Qg6 13. dxe5 Qxg2 14. Rg1 Qxf3 15. Nf6+ 1-0


[Site "https://www.chess.com"]

[Event "Titled Tuesday Blitz August 15 Late 2023"]
[White "Oliveira, Tiago Batista"]
[Black "Dwilewicz, Katarzyna"]
[WhiteFideId "2108291"]
[BlackFideId "1148486"]
[WhiteElo "2165"]
[BlackElo "2386"]
[Result "0-1"]
[Round "3"]
[TimeControl "180+1"]
[Date "2023.08.15"]
[WhiteClock "0:00:01"]
[BlackClock "0:00:06"]
[Board "168"]

1. d4 d5 2. c4 dxc4 3. Nf3 Nf6 4. g3 b5 5. Bg2 Bb7 6. O-O Nbd7 7. Nbd2 a6 8. Qc2 e6 9. Rd1 Be7 10. e4 O-O 11. e5 Nd5 12. Ne4 h6 13. a3 c5 14. g4 cxd4 15. Rxd4 Qc7 16. g5 Nxe5 17. gxh6 Nxf3+ 18. Bxf3 Qe5 19. hxg7 Qxg7+ 20. Ng5 Bxg5 21. Rg4 f6 22. h4 Kf7 23. hxg5 Rh8 24. g6+ Ke7 25. Qe4 f5 26. Bg5+ Kd7 27. Qe2 fxg4 28. Bxg4 Qxg6 29. f4 Nxf4 30. Rd1+ Nd3 31. Be3 Rh1# 0-1


[Site "https://www.chess.com"]

[Event "Titled Tuesday Blitz August 15 Late 2023"]
[White "Florianovitz, Derlei Alex"]
[Black "Vifleemskaia, Svetlana"]
[WhiteFideId "2114178"]
[BlackFideId "4129490"]
[WhiteElo "2158"]
[BlackElo "2381"]
[Result "1-0"]
[Round "3"]
[TimeControl "180+1"]
[Date "2023.08.15"]
[WhiteClock "0:00:44"]
[BlackClock "0:00:00"]
[Board "169"]

1. e4 e5 2. Nf3 Nc6 3. Bb5 a6 4. Ba4 Nf6 5. O-O Be7 6. Re1 b5 7. Bb3 d6 8. c3 O-O 9. h3 Nd7 10. d4 Bf6 11. d5 Ne7 12. a4 Rb8 13. axb5 axb5 14. Nbd2 Nc5 15. Bc2 b4 16. cxb4 Rxb4 17. b3 Ng6 18. Ba3 Rb5 19. Qe2 Bd7 20. g3 Qb8 21. Bxc5 Rxc5 22. Nc4 Bxh3 23. Ra3 Bd7 24. Rea1 h6 25. Kg2 Bg5 26. Nxg5 hxg5 27. Qh5 Be8 28. Ra8 Qb5 29. Rd8 f6 30. Raa8 Nf4+ 31. gxf4 Bxh5 32. Rxf8+ Kh7 33. f5 g6 34. Rf7+ 1-0


[Site "https://www.chess.com"]

[Event "Titled Tuesday Blitz August 15 Late 2023"]
[White "campochess"]
[Black "Labussiere, Yago"]
[BlackFideId "2186969"]
[WhiteElo "2151"]
[BlackElo "2379"]
[Result "0-1"]
[Round "3"]
[TimeControl "180+1"]
[Date "2023.08.15"]
[WhiteClock "0:00:11"]
[BlackClock "0:00:40"]
[Board "170"]

1. Nf3 d5 2. g3 Nc6 3. d4 Bg4 4. Nbd2 Qd7 5. h3 Bf5 6. a3 Nf6 7. Bg2 Ne4 8. Nf1 h5 9. Ne3 Bh7 10. Ne5 Nxe5 11. dxe5 e6 12. c3 Bc5 13. b4 Bb6 14. a4 a5 15. b5 Nxc3 16. Qb3 Ne4 17. O-O O-O-O 18. Ba3 Kb8 19. Rac1 Nxg3 20. Rfe1 Nf5 21. Bc5 Bxc5 22. Rxc5 Nxe3 23. Qxe3 Be4 24. f3 Bf5 25. Rec1 d4 26. Qd2 Rc8 27. f4 Rhd8 28. Qxa5 d3 29. exd3 Qxd3 30. Bxb7 Qe3+ 31. Kf1 Bxh3+ 32. Bg2 Bxg2+ 33. Kxg2 Rd2+ 34. Kh1 Qe4+ 0-1


[Site "https://www.chess.com"]

[Event "Titled Tuesday Blitz August 15 Late 2023"]
[White "laskakid"]
[Black "rionelG"]
[WhiteElo "2132"]
[BlackElo "2375"]
[Result "0-1"]
[Round "3"]
[TimeControl "180+1"]
[Date "2023.08.15"]
[WhiteClock "0:00:00"]
[BlackClock "0:00:11"]
[Board "171"]

1. e4 c5 2. c3 d5 3. exd5 Qxd5 4. d4 Nc6 5. Nf3 Nf6 6. Be3 cxd4 7. cxd4 e6 8. Nc3 Qd6 9. Bd3 Be7 10. O-O O-O 11. a3 b6 12. Re1 Bb7 13. Qe2 Rac8 14. Rad1 Rfd8 15. Bb1 Na5 16. Ne5 g6 17. Ba2 Nd5 18. Ne4 Qb8 19. Bh6 Re8 20. Qf3 f5 21. Qh3 Nc6 22. Ng5 Nxe5 23. Rxe5 Bxg5 24. Bxg5 Rc2 25. Qh6 Rxb2 26. Bxd5 Bxd5 27. Bf6 Qb7 28. Re3 Qf7 29. Be5 Rc8 30. Rg3 Rbc2 31. h4 R8c3 32. Rg5 Rc1 33. Rxc1 Rxc1+ 34. Kh2 f4 35. h5 Be4 36. hxg6 Bxg6 0-1


[Site "https://www.chess.com"]